cohdb
Replays
Latest Replays
All Replays
Popular Replays
Top Player Replays
Match Explorer
How It Works
Community
CoH3 Stats
Reddit
Sign in to upload your games and track your stats! →
Sign in with Steam
Match 29132764
Unlisted
Match 29132764
Overview
Messages
Build Orders
End
Construct Infanterie Kompanie
Pioneer Squad
Selects Mechanized Battlegroup
Selects Mechanized Battlegroup
Grenadier Squad
Grenadier Squad
Grenadier Squad
Infanterie Officer Quarters
Grenadier Squad
Sniper
Construct Panzergrenadier Kompanie
Pak 40 Anti-tank Gun Team
Selects Raid Package
Selects 8 Rad Armored Car
darkcrow
^3
0
0
Comments
sign in to comment!
No comments posted yet!